 Dungeon Crawl Stone Soup version 0.28.0-53-g5a82cb258f (webtiles) character file.

Game seed: 4096634924248659705

82 Zeld the Ruffian (level 4, 0/36 HPs)
             Began as a Draconian Transmuter on May 21, 2022.
             Slain by a phantom (9 damage)
             ... on level 1 of the Dungeon.
             The game lasted 00:01:53 (1422 turns).

Zeld the Ruffian (Draconian Transmuter)             Turns: 1422, Time: 00:01:54

Health: 0/36       AC:  2    Str: 15    XL:     4   Next: 21%
Magic:  4/7        EV: 19    Int: 13    God:
Gold:   27         SH:  0    Dex: 16    Spells: 2/8 levels left

rFire   . . .      SeeInvis .     - Unarmed
rCold   . . .      Faith    .   (shield currently unavailable)
rNeg    . . .      Spirit   .   (armour unavailable)
rPois   x          Reflect  .   (helmet currently unavailable)
rElec   .          Harm     .   (cloak currently unavailable)
rCorr   .          Rampage  .   (gloves currently unavailable)
Will    .....                   (boots currently unavailable)
Stlth   +.........              (no amulet)
HPRegen 0.12/turn               (no ring)
MPRegen 0.10/turn               (no ring)

@: spider-form (expiring)
A: venomous fangs, AC +5, tiny, unfitting armour, (cold-blooded)
a: End Transformation


You were on level 1 of the Dungeon.
You were a venomous arachnid creature.
You visited 1 branch of the dungeon, and saw 2 of its levels.

You collected 27 gold pieces.

Inventory:

Scrolls
 a - a scroll of brand weapon {unknown}
 b - a scroll of teleportation {unknown}
 c - a scroll of identify {unknown}
Potions
 d - a potion of brilliance {unknown}


   Skills:
 + Level 1.8 Fighting
 + Level 2.1 Dodging
 * Level 3.5 Unarmed Combat
 * Level 2.5 Spellcasting
 * Level 2.7 Transmutations
 + Level 0.8 Ice Magic
 + Level 0.9 Poison Magic


You had 2 spell levels left.
You knew the following spells:

 Your Spells              Type           Power      Damage    Failure   Level
a - Beastly Appendage     Tmut           16%        N/A       21%         1
b - Wereblood             Tmut           8%         N/A       28%         2
c - Spider Form           Tmut/Pois      6%         N/A       56%         3

Your spell library contained the following spells:

 Spells                   Type           Power      Damage    Failure   Level
 Ice Form                 Ice/Tmut       6%         N/A       89%         4


Dungeon Overview and Level Annotations

Branches:
Dungeon (2/15)

Altars:
Sif Muna

Shops:
D:1 (


Innate Abilities, Weirdness & Mutations

You are a venomous arachnid creature.
You have poisonous fangs.
You are tiny and dextrous.
Your spellcasting is less reliable in this form.
Your armour is entirely melded.
You are incapable of wielding weapons or throwing items.
((Your plain brown scales are hard. (AC +5)))
You cannot fit into any form of body armour.
((You are cold-blooded and may be slowed by cold attacks.))


Message History

* * * LOW HITPOINT WARNING * * *
You feel yourself speed up.
There is a stone staircase leading down here.
There is a stone staircase leading down here.
There is a stone staircase leading down here.
Casting: Spider Form (quite dangerous; 34% risk of failure)
Confirm with . or Enter, or press ? or * to list all spells.
The spell is quite dangerous to miscast (34% risk of failure)!
Continue anyway? [Y]es or [N]o only, please.
The spell is quite dangerous to miscast (34% risk of failure)!
Continue anyway?
You turn into a venomous arachnid creature.
The phantom hits you.
The phantom blinks!
You blink.
You are too injured to fight recklessly!
You hit the phantom.
The phantom is lightly damaged.
The phantom closely misses you.
You are too injured to fight recklessly!
You hit the phantom but do no damage.
The phantom is lightly damaged.
The phantom completely misses you.
You barely miss the phantom.
The phantom is lightly damaged.
Your transformation is almost over.
The phantom completely misses you.
You hit the phantom.
The phantom is moderately damaged.
The phantom hits you.
* * * LOW HITPOINT WARNING * * *
The phantom blinks!
You blink.
The phantom hits you but does no damage.
There is a stone staircase leading down here.
You hit the phantom.
The phantom is heavily damaged.
You hit the phantom.
The phantom is heavily damaged.
The phantom closely misses you.
You closely miss the phantom.
The phantom is heavily damaged.
The phantom hits you!
You die...

#.# #.###############
#...............#
#.#############.# ##### #.#
#§§....# #.# #.... #.#
#.##.### #.# ###.### #.#
#.##.#####.# #.#.#
####.####.##....##.###.#.###
#.........Ws................
####.##.#.#†................
#.##.#.#.###.############
#.##.#.#.# #.#### ######
#.##.#.#.# #....####....#
#.##.#.#.# #.....##......
#.##.#.#.###.##..##..##..
#.##.........##..##..#.<.
#.##.....###.##..##..#...


You could see a phantom.

Vanquished Creatures
  Natasha (twice) (D:2 D:1)
  2 dart slugs (D:1)
  2 ball pythons (D:1)
  4 endoplasms
  5 goblins (D:1)
  2 hobgoblins (D:1)
  6 kobolds (D:1)
  2 quokkas
  A bat (D:1)
  2 frilled lizards (D:1)
28 creatures vanquished.

Notes
Turn   | Place    | Note
-------+----------+-------------------------------------------
     0 | D:1      | Zeld the Draconian Transmuter began the quest for the Orb.
     0 | D:1      | Reached XP level 1. HP: 16/16 MP: 3/3
   148 | D:1      | Reached XP level 2. HP: 22/23 MP: 3/5
   493 | D:1      | Learned a level 2 spell: Wereblood
   536 | D:1      | Found Yrefubie's Antique Weapon Boutique.
   787 | D:1      | Reached XP level 3. HP: 15/28 MP: 4/6
   791 | D:1      | Learned a level 3 spell: Spider Form
  1145 | D:1      | Found a faded altar of an unknown god.
  1237 | D:2      | Found a shimmering blue altar of Sif Muna.
  1238 | D:2      | Noticed Natasha
  1248 | D:2      | Killed Natasha
  1356 | D:2      | Noticed Natasha
  1357 | D:2      | Noticed a phantom
  1370 | D:1      | Killed Natasha
  1371 | D:1      | Reached XP level 4. HP: 21/36 MP: 4/7
  1422 | D:1      | Slain by a phantom

Illustrated notes

Levels and vault maps discovered:
D:1:      minmay_arrival_wavy_path, layout_basic, serial_shops, shop,
          ebering_ecumenical_altar_box, chequers_serial_rivers_micro_c
D:2:      layout_rooms, basic_altar, uniq_natasha

Skill      XL: |  1  2  3 |
---------------+----------+-----
Dodging        | 2 |  2.1
Fighting       | |  1.8
Unarmed Combat | |  3.5
Spellcasting   | |  2.5
Transmutations | |  2.7
Ice Magic      | |  0.8
Poison Magic   | |  0.9

Action                   |  1- 3 |  4- 6 || total
-------------------------+-------+-------++-------
Melee: Unarmed           |    82 |     7 ||    89
       Kick              |    17 |       ||    17
       Tailslap          |     5 |       ||     5
       Headbutt          |     6 |       ||     6
       Punch             |     1 |       ||     1
 Cast: Beastly Appendage |    24 |       ||    24
       Spider Form       |     2 |     1 ||     3
Armor: Skin              |    27 |     1 ||    28
Dodge: Dodged            |    66 |     5 ||    71
